 Dungeon Crawl Stone Soup version 0.21.1-1-g345015f (webtiles) character file.

1089 iopi the Chopper (level 8, -3/78 HPs)
             Began as a Troll Fighter on July 31, 2018.
             Was a Believer of Okawaru.
             Slain by an orc warrior
             ... wielding a +0 war axe of distortion
              (22 damage)
             ... on level 6 of the Dungeon on Aug 1, 2018.
             The game lasted 01:04:34 (5612 turns).

iopi the Chopper (Troll Fighter)                    Turns: 5612, Time: 01:04:38

Health: -3/78      AC:  5    Str: 25    XL:     8   Next: 9%
Magic:  8/8        EV:  9    Int:  4    God:    Okawaru [**....]
Gold:   102        SH:  9    Dex: 11    Spells: 7/7 levels left

rFire    . . .     SeeInvis .   a - +1 war axe
rCold    . . .     Gourm    +   c - +0 shield
rNeg     . . .     Faith    +   v - +0 robe
rPois    .         Spirit   .   (helmet restricted)
rElec    .         Reflect  .   (no cloak)
rCorr    .         Harm     .   (gloves unavailable)
MR       .....                  (boots unavailable)
Stlth    +.........             j - amulet of faith
HPRegen  0.63/turn              (no ring)
MPRegen  0.11/turn              (no ring)

@: about to teleport
A: large, unfitting armour, claws 3, fast metabolism 3, gourmand, regeneration
1, shaggy fur 1, tough skin 2
a: Heroism, Renounce Religion


You were on level 6 of the Dungeon.
You worshipped Okawaru.
Okawaru was pleased with you.
You were not hungry.

You visited 1 branch of the dungeon, and saw 6 of its levels.

You collected 271 gold pieces.
You spent 169 gold pieces at shops.

Inventory:

Hand Weapons
 a - a +1 war axe (weapon)
 p - a +0 blowgun
 u - a cursed +0 shortbow
Missiles
 e - 194 stones (quivered)
 y - 22 poisoned needles
 D - 10 arrows
Armour
 b - a +0 robe
 c - a +0 shield (worn)
 g - a +0 leather armour
 k - a +0 plate armour
 q - a +0 chain mail
 r - a +0 ring mail
 s - a +1 scale mail of fire resistance
 t - a cursed +0 ring mail
 v - a +0 robe (worn)
 w - a +0 scale mail
 x - a +0 robe
 E - a +0 ring mail
 H - a +0 robe
 I - a +0 ring mail
 K - a scarf of repulsion
Magical Staves
 C - an uncursed staff of poison {unknown}
Jewellery
 j - an amulet of faith (around neck)
 n - an uncursed amulet of rage {unknown}
Wands
 A - a wand of flame (16)
Scrolls
 h - a scroll of magic mapping
 i - 2 scrolls of remove curse
 l - 2 scrolls of blinking
 o - 4 scrolls of immolation
 z - 2 scrolls of fear
 G - 2 scrolls of identify
 J - a scroll of teleportation
Potions
 d - 4 potions of might
 m - a potion of heal wounds
Books
 B - a book of Misfortune

   Spells                             Type                      Level
   a - Confusing Touch                Hexes                        1
   b - Confuse                        Hexes                        3
   c - Gell's Gravitas                Translocation                3
   d - Petrify                        Transmutation/Earth          4
   e - Metabolic Englaciation         Hexes/Ice                    5
   f - Yara's Violent Unravelling     Hexes/Transmutation          5
Comestibles
 f - 3 rations


   Skills:
 * Level 3.6 Fighting
 * Level 5.2 Axes
 * Level 2.2 Armour
 + Level 3.7 Dodging
 + Level 0.1 Stealth
 + Level 3.5 Shields
 * Level 2.1 Invocations
 + Level 0.6 Evocations


You had 7 spell levels left.
You didn't know any spells.

Dungeon Overview and Level Annotations

Branches:
Dungeon (6/15)             Temple (0/1) D:4

Altars:
Fedhas
Gozag
Okawaru
Uskayaw
Vehumet
Xom
The Shining One

Shops:
D:4 }!((


Innate Abilities, Weirdness & Mutations

You are too large for most types of armour.
You have claws for hands.
Your metabolism is lightning-fast.
You like to eat raw meat.
Your natural rate of healing is unusually fast.
You are covered in fur. (AC +1)
You have very tough skin. (AC +2)


Message History

The ogre barely misses you.
The crimson imp blinks!
You hit the orc warrior but do no damage.
The orc warrior is moderately wounded.
You hit the ogre.
The crimson imp blinks!
The orc warrior hits you but does no damage.
You blink.
You block the orc warrior's attack. The ogre hits you with a giant club!
You see here a tomahawk.
You hit the orc warrior.
The orc warrior is heavily wounded.
You hit the ogre.
The orc warrior hits you with a war axe of distortion!!
You feel strangely unstable. The ogre barely misses you.
You hit the orc warrior but do no damage.
The orc warrior is heavily wounded.
You barely miss the ogre.
The orc warrior hits you with a war axe of distortion!
* * * LOW HITPOINT WARNING * * *
Space warps horribly around you!
You die...

###########
#..........
#.####5.#
#.#.....#
#..5#...###
#..###..ยง.<5...
#.@o#...###...#
#.#O....##.....
#.............
####.#######..
#.# #.# ..#
##+## ###
##...##
##.....##


You could see an orc warrior, an ogre and a crimson imp.

Vanquished Creatures
  The ghost of goulibeur the Distorting Demonspawn, an amateur DsAK of Lugonu (D:5)
  An ice beast (D:5)
  A phantom (D:4)
  A centaur (D:5)
  2 bullfrog zombies (D:5)
  A crimson imp (D:5)
  A centaur skeleton (D:4)
  A gnoll shaman (D:5)
  An orc priest (D:4)
  An iguana (D:4)
  6 orc wizards (D:4)
  3 worker ants
  3 gnolls (D:5)
  4 adders
  2 dart slugs
  5 leopard geckos
  21 orcs
  2 ball pythons (D:1)
  3 giant cockroaches
  15 goblins
  8 hobgoblins
  12 jackals
  3 quokkas
  7 bats
  3 frilled lizards (D:1)
  4 kobolds
  A leopard gecko skeleton (D:4)
  7 rats
120 creatures vanquished.

Notes
Turn   | Place    | Note
-------+----------+-------------------------------------------
     0 | D:1      | iopi the Troll Fighter began the quest for the Orb.
     0 | D:1      | Reached XP level 1. HP: 22/22 MP: 0/0
   118 | D:1      | Reached XP level 2. HP: 23/29 MP: 1/1
   574 | D:1      | Reached skill level 2 in Axes
   574 | D:1      | Reached XP level 3. HP: 33/36 MP: 2/2
  1603 | D:2      | Found a blossoming altar of Fedhas.
  2067 | D:3      | Found an iron altar of Okawaru.
  2073 | D:3      | Reached XP level 4. HP: 43/44 MP: 3/3
  2097 | D:3      | Became a worshipper of Warmaster Okawaru
  3182 | D:4      | Found Unewas's Gadget Shop.
  3193 | D:4      | Bought a wand of flame (24) for 169 gold pieces
  3209 | D:4      | Found a hide-covered altar of Uskayaw.
  3210 | D:4      | Noticed a hand axe
  3211 | D:4      | Noticed a dagger
  3236 | D:4      | Reached XP level 5. HP: 52/52 MP: 4/4
  3282 | D:4      | Found a glowing golden altar of the Shining One.
  3364 | D:4      | Reached skill level 3 in Axes
  3404 | D:4      | Found Fonkymnarph's Weapon Shop.
  3476 | D:4      | Reached skill level 1 in Invocations
  3483 | D:4      | Reached XP level 6. HP: 46/61 MP: 5/5
  3486 | D:4      | Reached skill level 1 in Armour
  3568 | D:4      | Reached * piety under Okawaru
  3615 | D:4      | Found Zukleib's Antique Weapon Shop.
  3771 | D:4      | Found a staircase to the Ecumenical Temple.
  3985 | D:4      | Found Bapixt's Distillery.
  4125 | D:5      | Entered Level 5 of the Dungeon
  4262 | D:5      | Reached XP level 7. HP: 35/67 MP: 3/7
  4268 | D:5      | Reached skill level 4 in Axes
  4309 | D:5      | Reached ** piety under Okawaru
  4371 | D:5      | Found an opulent altar of Gozag.
  4385 | D:5      | Noticed goulibeur's ghost (amateur DsAK)
  4610 | D:5      | Found a shimmering altar of Xom.
  4610 | D:5      | Found a radiant altar of Vehumet.
  5124 | D:5      | Killed goulibeur's ghost
  5124 | D:5      | Reached skill level 5 in Axes
  5124 | D:5      | Reached XP level 8. HP: 66/76 MP: 6/8
  5612 | D:6      | Slain by an orc warrior

Skill      XL: |  1  2  3  4  5  6  7 |
---------------+----------------------+-----
Axes           | 2 3 5 |  5.2
Dodging        | 3 |  3.7
Shields        | 3 |  3.5
Fighting       | 3 |  3.6
Invocations    | 1 2 |  2.1
Armour         | 1 2 |  2.2
Stealth        | |  0.1
Evocations     | |  0.6

Action                   |  1- 3 |  4- 6 |  7- 9 || total
-------------------------+-------+-------+-------++-------
Melee: War axe           |   167 |   152 |   171 ||   490
Throw: Stone             |     3 |     9 |       ||    12
Invok: Heroism           |       |     1 |     3 ||     4
Evoke: Wand              |       |     6 |     2 ||     8
  Use: Scroll            |     5 |     4 |     1 ||    10
       Potion            |     1 |     1 |     6 ||     8
 Stab: Sleeping          |       |     1 |       ||     1
  Eat: Ration            |     2 |     3 |       ||     5
       Chunk             |    10 |    17 |     7 ||    34
Armor: Robe              |    77 |    44 |    36 ||   157
Dodge: Dodged            |    80 |    65 |    60 ||   205
Block: Shield            |   112 |    93 |    90 ||   295
